 Dungeon Crawl Stone Soup version 0.16-a0-787-g31dbbe7 (webtiles) character file.

434 Afay the Changer (level 7, -5/43 HPs)
             Began as an Octopode Transmuter on Sept 27, 2014.
             Was an Initiate of Sif Muna.
             Splashed by a jelly's acid (16 damage)
             ... on Level 5 of the Dungeon.
             The game lasted 00:20:45 (5583 turns).

Afay the Changer (Octopode Transmuter)              Turns: 5583, Time: 00:20:46

HP  -5/43        AC  2     Str 10      XL: 7   Next:  0%
MP  15/17        EV 19     Int 17      God: Sif Muna [......]
Gold 278         SH  0     Dex 17      Spells:  3 memorised,  5 levels left

rFire  x . .     SeeInvis .       - Unarmed
rCold  + . .     Clarity  .     (shield currently unavailable)
rNeg   . . .     rCorr    .     (helmet currently unavailable)
rPois  x         rRot     .     (no amulet)
rElec  .         Spirit   .     e - ring of protection from magic
SustAb .         Warding  .     k - ring of ice
rMut   .         Stasis   .     (no ring)
Gourm  .                        (no ring)
MR     +....                    (no ring)
                                (no ring)
                                (no ring)
                                (no ring)

@: spider-form, somewhat resistant to hostile enchantments, unstealthy
A: almost no armour, amphibious, 8 rings, (constrict 8), (camouflage 0),
(gelatinous body 0)
a: End Transformation, Renounce Religion


You were on level 5 of the Dungeon.
You worshipped Sif Muna.
Sif Muna was noncommittal.
You were hungry.
You were in spider-form.
You visited 2 branches of the dungeon, and saw 6 of its levels.

You collected 348 gold pieces.
You spent 70 gold pieces at shops.

Inventory:

Hand weapons
 m - a +0 blowgun
Missiles
 l - 24 poisoned needles
Magical devices
 p - a wand of flame (15) {unknown}
Comestibles
 a - 3 bread rations
 c - 3 meat rations
Scrolls
 f - 6 scrolls of identify
 g - a scroll of enchant weapon {unknown}
 h - a scroll of magic mapping {unknown}
 i - a scroll of remove curse
 n - a scroll of amnesia {unknown}
Jewellery
 e - a ring of protection from magic (left front leg)
 k - a ring of ice (right front leg)
Potions
 b - 2 potions of agility {unknown}
 j - 2 potions of curing
 o - a potion of haste {unknown}
Books
 d - a book of Changes

   Spells                             Type                      Level
   *Beastly Appendage                 Transmutation                1
   Sticks to Snakes                   Transmutation                2
   *Spider Form                       Transmutation/Poison         3
   Ice Form                           Ice/Transmutation            4
   *Blade Hands                       Transmutation                5


   Skills:
 - Level 1.0 Fighting
 - Level 2.0 Dodging
 - Level 3.0 Unarmed Combat
 + Level 4.1 Spellcasting
 - Level 6.0 Transmutations


You had 5 spell levels left.
You knew the following spells:

 Your Spells              Type           Power        Failure   Level  Hunger
a - Beastly Appendage     Trmt           ###...       6%          1    None
b - Spider Form           Trmt/Pois      ##........   32%         3    ###....
c - Blade Hands           Trmt           ###.......   61%         5    #####..


Dungeon Overview and Level Annotations

Branches:
Dungeon (5/15)             Temple (1/1) D:5

Altars:
Gozag
Ru
Sif Muna
Trog
Vehumet
Yredelemnul

Shops:
D:5 ?


Innate Abilities, Weirdness & Mutations

You cannot wear most types of armour.
You are amphibious.
You can wear up to eight rings at the same time.
((You can use your tentacles to constrict many enemies at once.))
((Your skin changes colour to match your surroundings (Stealth).))
((Your rubbery body absorbs attacks (AC +1).))


Message History

You are now empty-tentacled.
Casting: Spider Form
Confirm with . or Enter, or press ? or * to list all spells.
You turn into a venomous arachnid creature.
You hit the jelly.
Your front legs burn!
The jelly is lightly wounded.
The jelly hits you.
You are splashed with acid!
The acid burns!
You hit the jelly.
Your front legs burn!
The jelly is heavily wounded.
The jelly completely misses you.
You hit the jelly.
Your front legs burn!
The jelly is almost dead.
The jelly completely misses you.
You hit the jelly but do no damage.
Your front legs burn!
The jelly is almost dead.
You are feeling hungry.
The jelly hits you.
* * * LOW HITPOINT WARNING * * *
You are splashed with acid!
The acid burns!
You die...

...........# #.##
.#........## ##.#
.##...##.. ##..##
####..# ... .....##
# ..# ....
.....##### ##.##...#
#......... ##
#.......# #.......
.###......# ##J..#
..##......# #.s..#
..........#####..[.#
#....#.....##.....##
#...###..#........#
#
#...##..#####.....#
##.. .......##
###...##.....
.......##
###..........
....##..#
#.............
#..####.##
#.#..#........


You could see a jelly.

Vanquished Creatures
  A centaur (D:5)
  A scorpion (D:5)
  2 giant frog skeletons
  A worker ant (D:4)
  A hound zombie (D:4)
  6 adders
  A worker ant zombie (D:5)
  An inept item mimic (D:3)
  A shadow imp (D:5)
  5 worms
  2 giant geckos
  2 oozes
  6 orcs
  A ball python (D:2)
  7 bats
  3 giant cockroaches
  8 goblins
  11 hobgoblins
  7 jackals
  11 kobolds
  2 quokkas
  3 giant newts
  13 rats
96 creatures vanquished.

Notes
Turn   | Place    | Note
--------------------------------------------------------------
     0 | D:1      | Afay, the Octopode Transmuter, began the quest for the Orb.
     0 | D:1      | Reached XP level 1. HP: 13/13 MP: 3/3
   212 | D:1      | Reached XP level 2. HP: 16/18 MP: 4/4
   485 | D:1      | Reached XP level 3. HP: 12/23 MP: 4/6
   855 | D:1      | Learned a level 3 spell: Spider Form
  1142 | D:2      | Reached skill level 4 in Transmutations
  1242 | D:2      | Reached XP level 4. HP: 20/28 MP: 4/7
  1462 | D:2      | Noticed a giant frog
  1689 | D:2      | Found a bloodstained altar of Trog.
  2516 | D:3      | Reached XP level 5. HP: 18/33 MP: 11/11
  2534 | D:3      | Learned a level 5 spell: Blade Hands
  3836 | D:3      | Found a deep blue altar of Sif Muna.
  3845 | D:3      | Became a worshipper of Sif Muna the Loreminder
  4340 | D:4      | Reached skill level 5 in Transmutations
  4605 | D:4      | Reached XP level 6. HP: 38/38 MP: 13/13
  4735 | D:5      | Entered Level 5 of the Dungeon
  4917 | D:5      | Found Tryamu's Magic Scroll Boutique.
  4926 | D:5      | Bought a scroll of remove curse for 42 gold pieces
  4926 | D:5      | Bought a scroll of identify for 28 gold pieces
  4941 | D:5      | Reached skill level 6 in Transmutations
  5317 | D:5      | Reached XP level 7. HP: 11/43 MP: 11/17
  5550 | D:5      | Found a staircase to the Ecumenical Temple.
  5554 | Temple   | Entered the Ecumenical Temple
  5583 | D:5      | Splashed by a jelly's acid

Action                   |  1- 3 |  4- 6 |  7- 9 || total
-------------------------+-------+-------+-------++-------
Melee: Unarmed           |    98 |   136 |     4 ||   238
 Fire: Blowgun           |       |    37 |       ||    37
 Cast: Beastly Appendage |    10 |     2 |       ||    12
       Spider Form       |     1 |     8 |     1 ||    10
  Use: Potion            |     1 |     3 |       ||     4
 Stab: Sleeping          |       |     8 |       ||     8
  Eat: Chunk             |     1 |    13 |     1 ||    15
       Beef jerky        |       |     1 |       ||     1
